 Dungeon Crawl Stone Soup version 0.23.0-3-gf3c87f2df8 (webtiles) character file.

Game seed: 4313592971527653605

6098 Murks the Spear-Bearer (level 10, -3/63 HPs)
             Began as an Octopode Fighter on Feb 23, 2019.
             Was a Priest of Ru.
             Slain by a yak (12 damage)
             ... on level 10 of the Dungeon on Feb 24, 2019.
             The game lasted 00:29:03 (10159 turns).

Murks the Spear-Bearer (Octopode Fighter)          Turns: 10159, Time: 00:29:04

Health: -3/63      AC:  6    Str: 19    XL:     10   Next: 88%
Magic:  10/10      EV: 13    Int: 11    God:    Ru [***...]
Gold:   429        SH: 11    Dex: 11    Spells: 9/9 levels left

rFire    . . .     SeeInvis .   x - +1 trident (venom)
rCold    . . .     Gourm    .   b - +0 shield
rNeg     . . .     Faith    .   (helmet restricted)
rPois    .         Spirit   .   (no amulet)
rElec    .         Reflect  .   v - ring "Mesoiq" {MR+ AC+5}
rCorr    .         Harm     .   (no ring)
MR       .....                  (no ring)
Stlth    ++........             (no ring)
HPRegen  0.20/turn              (no ring)
MPRegen  0.12/turn              (no ring)
                                (no ring)
                                (no ring)

@: slowed, very slow
A: almost no armour, stealthy swim, amphibious, 8 rings, constrict 8, camouflage
1, gelatinous body 1, hated by all, magic vulnerability 1
a: Draw Out Power, Renounce Religion


You were on level 10 of the Dungeon.
You worshipped Ru.
Ru was most pleased with you.
You were not hungry.

You visited 2 branches of the dungeon, and saw 11 of its levels.

You collected 695 gold pieces.
You spent 266 gold pieces at shops.

Inventory:

Hand Weapons
 q - a +2 spear of piercing
 x - a +1 trident of venom (weapon)
 C - a +3 halberd
 J - a +0 hunting sling
Missiles
 a - 3 throwing nets
 l - 197 stones (quivered)
 u - 62 sling bullets
Armour
 b - a +0 shield (worn)
Jewellery
 v - the ring "Mesoiq" (left tentacle) {MR+ AC+5}
   (You found it on level 4 of the Dungeon)

   [ring of protection]

   It affects your AC (+5).
   It affects your resistance to hostile enchantments.
 M - an uncursed amulet of magic regeneration
 P - an uncursed ring of wizardry
Wands
 j - a wand of polymorph (2)
 p - a wand of paralysis (3)
 E - a wand of disintegration (16)
 H - a wand of clouds (2)
Scrolls
 e - 2 scrolls of fear {unknown}
 f - 2 scrolls of random uselessness {unknown}
 g - 3 scrolls of teleportation {unknown}
 i - a scroll of identify
 n - 4 scrolls of remove curse {unknown}
 s - 3 scrolls of silence {unknown}
 t - 2 scrolls of enchant armour {unknown}
 y - a scroll of magic mapping {unknown}
 A - a scroll of amnesia {unknown}
 D - a scroll of brand weapon {unknown}
 F - a scroll of enchant weapon {unknown}
 G - a scroll of fog {unknown}
 I - 2 scrolls of blinking {unknown}
 L - a scroll of vulnerability {unknown}
Potions
 c - a potion of cancellation {unknown}
 h - 2 potions of brilliance
 k - 6 potions of heal wounds
 o - 3 potions of mutation
 r - 7 potions of curing
 w - 2 potions of might
 z - 2 potions of agility
 B - a potion of flight {unknown}
 N - a potion of haste {unknown}
 O - a potion of resistance {unknown}
Comestibles
 d - 16 rations


   Skills:
 - Level 3.0 Fighting
 * Level 12.9 Polearms
 - Level 3.0 Dodging
 + Level 9.8 Shields


You had 9 spell levels left.
You didn't know any spells.
Your spell library contained the following spells:

 Spells                   Type           Power        Failure   Level  Hunger
 Apportation              Tloc           #.....       56%         1    ##.....
 Confusing Touch          Hex            #.....       56%         1    ##.....
 Freeze                   Ice            #...         56%         1    ##.....
 Throw Frost              Conj/Ice       #.....       71%         2    ###....
 Ozocubu's Armour         Chrm/Ice       #.......     90%         3    ####...
 Olgreb's Toxic Radiance  Pois           #.......     100%        4    #####..
 Throw Icicle             Conj/Ice       #.......     100%        4    #####..
 Animate Skeleton         Necr           Unusable     N/A         1    N/A
 Summon Small Mammal      Summ           Unusable     N/A         1    N/A
 Summon Ice Beast         Ice/Summ       Unusable     N/A         4    N/A
 Summon Demon             Summ           Unusable     N/A         5    N/A
 Shadow Creatures         Summ           Unusable     N/A         6    N/A

Dungeon Overview and Level Annotations

Branches:
Dungeon (10/15)            Temple (1/1) D:6             Orc (0/2) D:9
   Lair: D:8-11

Altars:
Ashenzari
Cheibriados
Dithmenos
Elyvilon
Fedhas
Gozag
Hepliaklqana
Kikubaaqudgha
Makhleb
Nemelex Xobeh
Okawaru
Qazlal
Ru
Sif Muna
Trog
Uskayaw
Vehumet
Wu Jian
Xom
Yredelemnul
Zin
The Shining One

Shops:
D:5 !!%:   D:8 (


Innate Abilities, Weirdness & Mutations

You cannot wear most types of armour.
You are very stealthy in the water. (Stealth+)
You are amphibious.
You can wear up to eight rings at the same time.
You can use your tentacles to constrict eight enemies at once.
Your skin changes colour to match your surroundings (Stealth+).
Your rubbery body absorbs attacks. (AC +1, EV +1)
You are hated by all.
You are slightly vulnerable to magic. (MR-)


Message History

The yak appears confused.
The yak closely misses you.
The wolf is engulfed in noxious fumes.
The wolf appears confused.
Your shield prevents you from hitting the yak.
Your squeeze misses the yak.
The yak is heavily wounded.
The wolf is engulfed in noxious fumes.
The wolf bites the yak but does no damage.
The wolf bites itself.
The yak is engulfed in noxious fumes. x2
The yak appears confused.
The yak gores you!
The wolf howls!
The electric eel begins to attack, but is stunned by your will!
The yak is engulfed in noxious fumes.
The yak appears confused.
The wolf is engulfed in noxious fumes.
The wolf bites the yak.
The yak gores the yak!
The yak gores you!
* * * LOW HITPOINT WARNING * * *
The wolf is engulfed in noxious fumes.
The yak is engulfed in noxious fumes.
The yak is engulfed in noxious fumes.
The yak appears confused.
The yak gores the yak but does no damage.
The yak gores you!
You die...

##+## ##...##
.###
##.....##....
##.......#..#
#...<.....#
+.........+
#.........#
##...@...##
##..Y..##
##YY...#
#######☼##.#
......hWY..#
.Y....h§...#
.≈.≈h°☼.°°##
.Y.≈≈≈....#
.≈.≈≈≈≈≈≈..


You could see 4 yaks, a hungry ghost and 2 wolves.

Vanquished Creatures
  A troll (D:10)
  A merfolk (D:9)
  Prince Ribbit (D:5)
  Sigmund (D:2)
  A wraith (D:10)
  7 yaks
  A wyvern (D:9)
  Grum (D:8)
  A hungry ghost (D:8)
  2 water moccasins
  3 orc warriors
  A phantom (D:4)
  The ghost of dleb1993 the Sneak, an amateur FeAE of Dithmenos (D:4)
  A sky beast (D:7)
  A slave (D:5)
  7 wolves
  3 ogres
  A tengu (D:6)
  A centaur (D:5)
  3 big kobolds
  A bullfrog (D:2)
  4 scorpions
  7 wights
  2 crimson imps
  A quasit (D:7)
  A bullfrog skeleton (D:5)
  8 hounds
  2 jellies
  7 orc priests
  6 orc wizards
  2 iguanas
  5 worker ants
  A hound zombie (D:7)
  Robin (D:3)
  A howler monkey skeleton (D:7)
  12 adders
  12 gnolls
  4 shadow imps
  2 oozes
  2 worms
  4 leopard geckos
  40 orcs
  3 ball pythons
  5 bats
  3 giant cockroaches
  11 goblins
  9 hobgoblins
  11 jackals
  4 quokkas
  3 frilled lizards (D:3)
  2 jackal zombies
  14 kobolds
  5 rats
234 creatures vanquished.

Vanquished Creatures (others)
  An ogre (D:6)
  A leopard gecko (D:6)
2 creatures vanquished.

Grand Total: 236 creatures vanquished

Notes
Turn   | Place    | Note
-------+----------+-------------------------------------------
     0 | D:1      | Murks the Octopode Fighter began the quest for the Orb.
     0 | D:1      | Reached XP level 1. HP: 16/16 MP: 1/1
   106 | D:1      | Reached XP level 2. HP: 16/21 MP: 2/2
   659 | D:2      | Reached skill level 3 in Polearms
   672 | D:2      | Noticed a bullfrog
   676 | D:2      | Killed a bullfrog
   676 | D:2      | Reached XP level 3. HP: 25/26 MP: 3/3
   676 | D:2      | Reached XP level 4. HP: 30/31 MP: 4/4
   756 | D:2      | Reached skill level 4 in Polearms
   868 | D:2      | Noticed Sigmund
   939 | D:2      | Killed Sigmund
   939 | D:2      | Reached skill level 5 in Polearms
   939 | D:2      | Reached XP level 5. HP: 12/36 MP: 5/5
   939 | D:2      | Reached XP level 6. HP: 14/42 MP: 6/6
  1257 | D:2      | Found a shattered altar of Ashenzari.
  1258 | D:2      | Found a basalt altar of Yredelemnul.
  1258 | D:2      | Found an iron altar of Okawaru.
  1397 | D:2      | Found a hazy altar of Hepliaklqana.
  1870 | D:3      | You fall through a shaft!
  2412 | D:3      | Noticed Robin
  2418 | D:3      | Killed Robin
  2917 | D:4      | Reached skill level 6 in Polearms
  2917 | D:4      | Reached XP level 7. HP: 46/46 MP: 7/7
  2948 | D:4      | Reached skill level 5 in Shields
  2989 | D:4      | Found a shadowy altar of Dithmenos.
  3219 | D:4      | Found a runed translucent gate.
  3220 | D:4      | Found a runed translucent gate.
  3221 | D:4      | Found a runed translucent gate.
  3222 | D:4      | Noticed dleb1993's ghost (amateur FeAE)
  3222 | D:4      | Identified the +5 short sword of Doors {chaos, MR+ Int+5}
  3259 | D:4      | Reached skill level 7 in Polearms
  3274 | D:4      | Killed dleb1993's ghost
  3535 | D:4      | Got a translucent tin ring
  3536 | D:4      | Identified the ring "Mesoiq" {MR+ AC+5} (You found it on
                  | level 4 of the Dungeon)
  3661 | D:4      | Reached XP level 8. HP: 49/52 MP: 8/8
  3716 | D:5      | Entered Level 5 of the Dungeon
  3899 | D:5      | Found Zius's Distillery.
  3899 | D:5      | Noticed Prince Ribbit
  3914 | D:5      | Killed Prince Ribbit
  3914 | D:5      | Reached skill level 8 in Polearms
  3923 | D:5      | Bought a potion of curing for 42 gold pieces
  3923 | D:5      | Bought a potion of heal wounds for 70 gold pieces
  3923 | D:5      | Bought a potion of heal wounds for 70 gold pieces
  3923 | D:5      | Bought a potion of curing for 42 gold pieces
  3923 | D:5      | Bought a potion of curing for 42 gold pieces
  4059 | D:5      | Found Ciwocani's Distillery.
  4267 | D:5      | Found Upryop's Food Emporium.
  4281 | D:5      | Found Adoothruo's Book Emporium.
  4583 | D:6      | Reached skill level 9 in Polearms
  4658 | D:6      | Noticed Pikel
  4827 | D:6      | Found a staircase to the Ecumenical Temple.
  4845 | Temple   | Entered the Ecumenical Temple
  5083 | Temple   | Became a worshipper of Ru the Awakened
  5282 | D:5      | Reached XP level 9. HP: 56/56 MP: 9/9
  5352 | D:6      | Noticed Pikel
  5352 | D:6      | Pikel changed into Pikel the tengu
  5359 | D:6      | Killed Pikel the tengu
  5405 | D:6      | Found a hide-covered altar of Uskayaw.
  5840 | D:7      | Reached skill level 10 in Polearms
  6439 | D:7      | Found a blossoming altar of Fedhas.
  6441 | D:7      | Found a burning altar of Makhleb.
  6464 | D:7      | Gained mutation: You are hated by all. [Ru sacrifice]
  6464 | D:7      | Reached * piety under Ru
  6583 | D:8      | Found Sian's Antique Weapon Shoppe.
  6800 | D:8      | Identified the Papyrus of Supportive Envenoming
  7013 | D:8      | Reached skill level 11 in Polearms
  7407 | D:8      | Noticed Grum
  7433 | D:8      | Killed Grum
  7437 | D:8      | Reached XP level 10. HP: 62/63 MP: 10/10
  7477 | D:8      | Found a white marble altar of Elyvilon.
  8224 | D:9      | Found a staircase to the Orcish Mines.
  8406 | D:9      | Reached skill level 12 in Polearms
  8934 | D:8      | Gained mutation: You are slightly vulnerable to magic.
                  | (MR-) [Ru sacrifice]
  8934 | D:8      | Reached ** piety under Ru
  8934 | D:8      | Reached *** piety under Ru
 10125 | D:10     | Entered Level 10 of the Dungeon
 10159 | D:10     | Slain by a yak

Skill      XL: |  1  2  3  4  5  6  7  8  9 10 |
---------------+-------------------------------+-----
Polearms       | 3 5 6 7 9 11 12 | 12.9
Shields        | 4 5 7 8 9 |  9.8
Fighting       | |  3.0
Dodging        | |  3.0

Action                   |  1- 3 |  4- 6 |  7- 9 | 10-12 || total
-------------------------+-------+-------+-------+-------++-------
Melee: Trident           |    46 |    57 |    84 |   142 ||   329
       Constrict         |    10 |    23 |    57 |    21 ||   111
       Tentacles         |     6 |    15 |    75 |    25 ||   121
       Spear             |       |    61 |   275 |     3 ||   339
Throw: Stone             |       |     4 |     5 |     1 ||    10
Invok: Sacrifice Love    |       |       |     1 |       ||     1
       Draw Out Power    |       |       |       |     1 ||     1
       Sacrifice Essence |       |       |       |     1 ||     1
Evoke: Wand              |       |       |     5 |     4 ||     9
  Use: Potion            |     1 |     3 |       |     3 ||     7
       Scroll            |       |     2 |     1 |     5 ||     8
 Stab: Sleeping          |     4 |     7 |    13 |     3 ||    27
       Paralysed         |       |       |     7 |       ||     7
       Confused          |       |       |       |     1 ||     1
  Eat: Chunk             |       |     6 |    16 |     9 ||    31
Armor: Skin              |     2 |     3 |    30 |    19 ||    54
Dodge: Dodged            |    12 |    26 |    79 |    44 ||   161
Block: Shield            |     7 |    34 |   111 |    48 ||   200
